General information
- name: BNet
- type: Ladder team game (AT/RT)
- host: Battle.net
- saver: ToweredCoward
map: FullScaleAssault
- players: 8
- length: 57:18
- speed: Fast
- version: 1.26 W3XP
- replay type: Public
» download(277 KB)
Players
team 1 (winner)

»
droptactics (
purple | 30 APM | 1706 actions | 57:18)
10 Blademaster
3 Critical Strike
3 Mirror Image
3 Bladestorm
1 Wind Walk
1 Tauren Chieftain
1 Endurance Aura
» actions
| Basic commands | 64 | |
| Build / train | 113 | |
| Enter build submenu | 28 | |
| Enter hero's abilities submenu | 11 | |
| Give item / drop item | 3 | |
| Remove unit from queue | 1 | |
| Right click | 894 | |
| Select / deselect | 411 | |
| Use ability | 181 | |
1706 total
» units
| Peon | 27 | |
| Goblin Shredder | 4 | |
| Wind Rider | 14 | |
| Goblin Zeppelin | 1 | |
| Raider | 7 | |
| Troll Batrider | 14 | |
| Kodo Beast | 5 | |
72 total
» upgrades
| Spiked Barricades | 3 | |
| Ranged Weapons | 2 | |
| Armor | 2 | |
| Ensnare | 1 | |
| Pillage | 1 | |
| Envenomed Spears | 1 | |
| Reinforced Defenses | 1 | |
| Liquid Fire | 1 | |
12 total
» buildings
| Orc Burrow | 19 | |
| Altar of Storms | 3 | |
| Voodoo Lounge | 2 | |
| War Mill | 2 | |
| Stronghold | 2 | |
| Watch Tower | 19 | |
| Beastiary | 6 | |
| Great Hall | 6 | |
| Fortress | 1 | |
60 total
» build order
00:27 Orc Burrow
00:28 Orc Burrow
00:29 Orc Burrow
00:30 Orc Burrow
00:41 Altar of Storms
01:19 Voodoo Lounge
02:03 War Mill
03:00 Stronghold
03:56 Watch Tower
03:57 Watch Tower
03:58 Watch Tower
03:59 Watch Tower
03:59 Watch Tower
04:00 Watch Tower
04:01 Watch Tower
04:03 Watch Tower
04:03 Watch Tower
04:04 Watch Tower
04:05 Watch Tower
05:37 Beastiary
05:38 Beastiary
05:44 Beastiary
09:43 Great Hall
10:20 Great Hall
11:34 Orc Burrow
11:35 Orc Burrow
13:08 Watch Tower
13:11 Voodoo Lounge
13:15 Watch Tower
13:16 Watch Tower
13:17 Watch Tower
13:18 Watch Tower
13:20 Watch Tower
13:20 Watch Tower
13:21 Watch Tower
13:46 Orc Burrow
16:34 Fortress
17:04 Orc Burrow
17:04 Orc Burrow
19:26 Great Hall
21:25 Beastiary
21:26 Beastiary
21:27 Beastiary
21:30 Orc Burrow
21:32 Orc Burrow
21:32 Orc Burrow
21:33 Orc Burrow
21:34 Orc Burrow
21:36 Orc Burrow
21:37 Orc Burrow
21:38 Orc Burrow
24:12 Stronghold
24:22 Altar of Storms
25:17 Great Hall
25:42 Great Hall
29:54 Altar of Storms
35:18 Great Hall
35:58 Orc Burrow
45:42 War Mill
49:43 Orc Burrow
» items
| Healing Salve | 1 | |
| Lesser Clarity Potion | 1 | |
| Boots of Speed | 1 | |
| Scroll of Town Portal | 5 | |
| Potion of Lesser Invulnerability | 2 | |
| Scroll of Healing | 1 | |
11 total
Biggest-Noob (
blue | 49 APM | 2796 actions | 57:18)
5 Archmage
3 Blizzard
2 Brilliance Aura
1 Mountain King
1 Storm Bolt
» actions
| Basic commands | 209 | |
| Build / train | 99 | |
| Enter build submenu | 71 | |
| Enter hero's abilities submenu | 6 | |
| Give item / drop item | 5 | |
| Right click | 1452 | |
| Select / deselect | 822 | |
| Use ability | 130 | |
2796 total
» units
| Peasant | 22 | |
| Rifleman | 6 | |
| Siege Engine | 8 | |
| Mortar Team | 6 | |
42 total
» upgrades
| Gunpowder | 3 | |
| Masonry | 2 | |
| Lumber Harvesting | 1 | |
| Barrage | 1 | |
| Plating | 2 | |
9 total
» buildings
| Lumber Mill | 1 | |
| Altar of Kings | 3 | |
| Farm | 12 | |
| Blacksmith | 2 | |
| Barracks | 1 | |
| Scout Tower | 40 | |
| Town Hall | 2 | |
| Guard Tower | 20 | |
| Keep | 2 | |
| Arcane Vault | 1 | |
| Castle | 1 | |
| Workshop | 4 | |
89 total
» build order
00:34 Lumber Mill
01:33 Altar of Kings
01:35 Farm
01:38 Farm
01:54 Blacksmith
02:04 Farm
02:14 Barracks
02:30 Farm
03:26 Farm
04:31 Farm
05:00 Scout Tower
05:02 Scout Tower
05:04 Scout Tower
05:05 Scout Tower
05:11 Scout Tower
05:15 Town Hall
05:33 Guard Tower
05:34 Guard Tower
05:46 Guard Tower
06:30 Keep
07:09 Arcane Vault
07:14 Scout Tower
07:30 Scout Tower
07:48 Guard Tower
07:50 Scout Tower
08:06 Guard Tower
08:09 Scout Tower
08:23 Scout Tower
08:24 Scout Tower
08:47 Guard Tower
08:49 Scout Tower
08:57 Scout Tower
08:57 Scout Tower
08:58 Guard Tower
09:04 Castle
09:06 Workshop
09:09 Workshop
09:11 Workshop
09:12 Workshop
09:20 Guard Tower
09:26 Scout Tower
09:26 Scout Tower
09:36 Scout Tower
09:37 Guard Tower
10:02 Guard Tower
10:04 Scout Tower
10:06 Scout Tower
10:08 Scout Tower
10:35 Scout Tower
10:39 Scout Tower
10:47 Scout Tower
10:49 Guard Tower
11:27 Guard Tower
11:43 Scout Tower
11:44 Scout Tower
11:46 Scout Tower
12:20 Scout Tower
12:22 Scout Tower
12:23 Scout Tower
12:24 Guard Tower
12:50 Farm
13:07 Scout Tower
13:09 Scout Tower
13:11 Scout Tower
13:13 Guard Tower
13:20 Guard Tower
13:21 Guard Tower
13:31 Guard Tower
13:51 Farm
14:14 Scout Tower
14:15 Scout Tower
14:16 Scout Tower
14:19 Guard Tower
14:23 Guard Tower
14:44 Farm
14:52 Guard Tower
16:18 Farm
17:12 Farm
21:11 Farm
26:57 Keep
27:00 Scout Tower
27:00 Scout Tower
30:50 Scout Tower
30:50 Scout Tower
30:51 Scout Tower
30:55 Blacksmith
36:58 Town Hall
47:00 Altar of Kings
47:05 Altar of Kings
» items
| Scroll of Regeneration | 4 | |
| Scroll of Town Portal | 9 | |
| Orb of Fire | 1 | |
| Staff of Teleportation | 3 | |
17 total
SWOLEBOSS (
teal | 23 APM | 732 actions | 31:50)
6 Tauren Chieftain
1 War Stomp
2 Endurance Aura
2 Shockwave
1 Reincarnation
» actions
| Basic commands | 101 | |
| Build / train | 68 | |
| ESC pressed | 1 | |
| Enter build submenu | 24 | |
| Enter hero's abilities submenu | 6 | |
| Right click | 294 | |
| Select / deselect | 209 | |
| Use ability | 29 | |
732 total
» units
| Peon | 13 | |
| Grunt | 9 | |
| Troll Headhunter/Berserker | 8 | |
| Troll Witch Doctor | 2 | |
| Wind Rider | 2 | |
| Tauren | 14 | |
48 total
» upgrades
| Melee Weapons | 3 | |
| Witch Doctor Training | 1 | |
| Armor | 3 | |
| Berserker Strength | 1 | |
| Pulverize | 1 | |
9 total
» buildings
| Barracks | 2 | |
| Orc Burrow | 7 | |
| Altar of Storms | 1 | |
| War Mill | 2 | |
| Stronghold | 1 | |
| Spirit Lodge | 1 | |
| Fortress | 1 | |
| Beastiary | 1 | |
| Great Hall | 1 | |
| Tauren Totem | 1 | |
18 total
» build order
00:17 Barracks
00:27 Orc Burrow
00:35 Altar of Storms
02:10 War Mill
02:15 War Mill
02:41 Orc Burrow
03:43 Orc Burrow
04:52 Stronghold
05:41 Barracks
06:38 Orc Burrow
07:00 Orc Burrow
07:41 Spirit Lodge
07:49 Fortress
09:27 Beastiary
10:23 Great Hall
14:04 Tauren Totem
15:46 Orc Burrow
25:07 Orc Burrow

»
jsnoop123 (
pink | 36 APM | 543 actions | 15:09)
5 Blademaster
1 Mirror Image
3 Critical Strike
1 Wind Walk
» actions
| Assign group hotkey | 1 | |
| Basic commands | 4 | |
| Build / train | 50 | |
| Enter build submenu | 18 | |
| Enter hero's abilities submenu | 5 | |
| Give item / drop item | 3 | |
| Right click | 254 | |
| Select / deselect | 183 | |
| Use ability | 25 | |
543 total
» units
| Peon | 12 | |
| Troll Headhunter/Berserker | 14 | |
| Troll Batrider | 8 | |
34 total
» upgrades
| Ranged Weapons | 2 | |
| Armor | 2 | |
| Troll Regeneration | 1 | |
| Liquid Fire | 1 | |
6 total
» buildings
| Altar of Storms | 1 | |
| Orc Burrow | 6 | |
| War Mill | 1 | |
| Barracks | 1 | |
| Stronghold | 1 | |
| Fortress | 1 | |
| Great Hall | 1 | |
| Beastiary | 4 | |
| Voodoo Lounge | 1 | |
17 total
» build order
00:12 Altar of Storms
00:49 Orc Burrow
00:54 War Mill
01:27 Barracks
01:53 Orc Burrow
03:03 Stronghold
03:36 Orc Burrow
04:42 Orc Burrow
05:26 Fortress
07:02 Great Hall
07:17 Beastiary
07:20 Beastiary
07:28 Voodoo Lounge
08:05 Beastiary
09:29 Beastiary
13:33 Orc Burrow
13:38 Orc Burrow
» items
| Potion of Healing | 1 | |
| Orb of Lightning | 1 | |
2 total
team 2 (loser)
CUBFOODS (
red | 19 APM | 1075 actions | 57:18)
4 Death Knight
2 Death Coil
2 Unholy Aura
» actions
| Assign group hotkey | 4 | |
| Basic commands | 78 | |
| Build / train | 61 | |
| ESC pressed | 4 | |
| Enter build submenu | 17 | |
| Enter hero's abilities submenu | 4 | |
| Give item / drop item | 1 | |
| Remove unit from queue | 1 | |
| Right click | 371 | |
| Select / deselect | 410 | |
| Select group hotkey | 73 | |
| Use ability | 51 | |
1075 total
» units
| Acolyte | 10 | |
| Ghoul | 18 | |
| Frost Wyrm | 4 | |
32 total
» upgrades
| Cannibalize | 1 | |
| Creature Attack | 3 | |
| Creature Carapace | 3 | |
| Freezing Breath | 1 | |
| Unholy Strength | 1 | |
| Unholy Armor | 1 | |
10 total
» buildings
| Crypt | 2 | |
| Ziggurat | 9 | |
| Altar of Darkness | 1 | |
| Halls of the Dead | 1 | |
| Graveyard | 2 | |
| Black Citadel | 1 | |
| Tomb of Relics | 1 | |
| Sacrificial Pit | 1 | |
| Boneyard | 4 | |
| Nerubian Tower | 1 | |
23 total
» build order
00:55 Crypt
00:57 Crypt
00:59 Ziggurat
01:07 Ziggurat
01:27 Altar of Darkness
02:21 Ziggurat
05:27 Halls of the Dead
05:55 Graveyard
06:06 Graveyard
06:32 Ziggurat
08:32 Black Citadel
08:39 Tomb of Relics
08:57 Sacrificial Pit
08:58 Ziggurat
08:59 Ziggurat
09:01 Ziggurat
10:56 Boneyard
10:56 Boneyard
10:58 Boneyard
10:59 Boneyard
11:48 Ziggurat
11:49 Ziggurat
28:26 Nerubian Tower
» items
| Potion of Invisibility | 1 | |
| Scroll of Healing | 1 | |
| Scroll of Town Portal | 3 | |
| Healing Salve | 1 | |
| Scroll of Regeneration | 1 | |
7 total
HOLLAND_GIRL (
yellow | 55 APM | 3124 actions | 57:17)
9 Blademaster
3 Wind Walk
3 Critical Strike
1 Bladestorm
2 Mirror Image
6 Shadow Hunter
2 Hex
3 Healing Wave
1 Big Bad Voodoo
» actions
| Assign group hotkey | 77 | |
| Basic commands | 50 | |
| Build / train | 104 | |
| Enter build submenu | 18 | |
| Enter hero's abilities submenu | 15 | |
| Give item / drop item | 6 | |
| Right click | 1217 | |
| Select / deselect | 423 | |
| Select group hotkey | 851 | |
| Use ability | 362 | |
3124 total
» units
| Peon | 13 | |
| Wind Rider | 11 | |
| Goblin Zeppelin | 4 | |
| Goblin Shredder | 11 | |
| Blue Dragon | 2 | |
| Troll Batrider | 2 | |
| Raider | 6 | |
| Blue Drake | 3 | |
| Blue Dragon Whelp | 2 | |
54 total
» upgrades
| Reinforced Defenses | 1 | |
| Envenomed Spears | 1 | |
| Ranged Weapons | 2 | |
| Armor | 2 | |
| Ensnare | 1 | |
| Melee Weapons | 1 | |
| Pillage | 1 | |
9 total
» buildings
| Altar of Storms | 2 | |
| Orc Burrow | 7 | |
| Voodoo Lounge | 2 | |
| Stronghold | 3 | |
| War Mill | 1 | |
| Beastiary | 4 | |
| Fortress | 3 | |
| Great Hall | 1 | |
| Watch Tower | 15 | |
38 total
» build order
00:08 Altar of Storms
00:21 Orc Burrow
00:51 Voodoo Lounge
02:05 Stronghold
02:25 Orc Burrow
02:26 Orc Burrow
02:27 Orc Burrow
02:55 War Mill
04:28 Beastiary
04:32 Beastiary
05:53 Fortress
08:49 Great Hall
09:52 Watch Tower
09:53 Watch Tower
09:53 Watch Tower
09:55 Watch Tower
09:55 Watch Tower
09:56 Watch Tower
11:08 Watch Tower
11:16 Watch Tower
13:05 Beastiary
13:08 Orc Burrow
13:09 Orc Burrow
14:14 Voodoo Lounge
19:00 Stronghold
19:19 Beastiary
19:20 Orc Burrow
23:25 Altar of Storms
25:28 Fortress
25:51 Watch Tower
25:51 Watch Tower
25:52 Watch Tower
25:52 Watch Tower
25:53 Watch Tower
25:55 Watch Tower
35:32 Stronghold
» items
| Healing Salve | 3 | |
| Lesser Clarity Potion | 1 | |
| Potion of Mana | 1 | |
| Staff of Teleportation | 2 | |
| Tiny Great Hall | 1 | |
| Scroll of Town Portal | 2 | |
| Orb of Lightning | 1 | |
| Potion of Healing | 3 | |
| Dust of Appearance | 1 | |
15 total
ToweredCoward (
green | 58 APM | 3301 actions | 57:18)
9 Archmage
3 Summon Water Elemental
3 Brilliance Aura
1 Mass Teleport
2 Blizzard
» actions
| Assign group hotkey | 28 | |
| Basic commands | 284 | |
| Build / train | 98 | |
| Enter build submenu | 100 | |
| Enter hero's abilities submenu | 9 | |
| Give item / drop item | 10 | |
| Right click | 1203 | |
| Select / deselect | 585 | |
| Select group hotkey | 728 | |
| Use ability | 256 | |
3301 total
» units
| Peasant | 23 | |
| Footman | 7 | |
| Goblin Shredder | 3 | |
| Goblin Zeppelin | 4 | |
| Blue Dragon | 2 | |
| Dragonhawk Rider | 9 | |
48 total
» upgrades
| Masonry | 3 | |
| Swords | 3 | |
| Armor | 3 | |
| Animal War Training | 1 | |
| Cloud | 1 | |
| Storm Hammers | 1 | |
| Magic Sentry | 1 | |
13 total
» buildings
| Altar of Kings | 1 | |
| Barracks | 2 | |
| Farm | 17 | |
| Town Hall | 4 | |
| Lumber Mill | 3 | |
| Arcane Vault | 2 | |
| Keep | 2 | |
| Scout Tower | 91 | |
| Guard Tower | 16 | |
| Castle | 2 | |
| Gryphon Aviary | 3 | |
| Blacksmith | 2 | |
| Arcane Sanctum | 1 | |
146 total
» build order
00:48 Altar of Kings
00:49 Barracks
00:53 Farm
01:06 Farm
01:12 Farm
01:35 Farm
01:37 Farm
04:00 Town Hall
04:09 Lumber Mill
04:11 Lumber Mill
04:18 Arcane Vault
05:33 Keep
05:49 Farm
06:09 Scout Tower
06:10 Scout Tower
06:11 Scout Tower
06:13 Scout Tower
06:15 Scout Tower
06:17 Scout Tower
06:18 Scout Tower
06:20 Scout Tower
06:21 Scout Tower
06:22 Scout Tower
07:48 Guard Tower
08:07 Castle
08:15 Scout Tower
08:17 Scout Tower
08:17 Scout Tower
08:20 Scout Tower
08:24 Scout Tower
08:25 Scout Tower
08:27 Scout Tower
08:28 Scout Tower
08:31 Scout Tower
08:33 Scout Tower
08:34 Scout Tower
09:54 Town Hall
10:02 Scout Tower
10:03 Scout Tower
10:04 Scout Tower
10:05 Scout Tower
10:08 Scout Tower
10:09 Scout Tower
10:09 Scout Tower
10:11 Scout Tower
10:11 Scout Tower
10:12 Scout Tower
10:13 Scout Tower
10:14 Scout Tower
10:15 Scout Tower
10:16 Scout Tower
10:17 Scout Tower
10:18 Scout Tower
10:18 Scout Tower
10:19 Scout Tower
10:21 Scout Tower
10:21 Scout Tower
10:22 Scout Tower
10:23 Scout Tower
10:31 Scout Tower
10:40 Guard Tower
13:03 Guard Tower
13:05 Guard Tower
13:08 Guard Tower
14:49 Guard Tower
15:32 Keep
17:20 Scout Tower
17:22 Scout Tower
17:22 Scout Tower
17:24 Scout Tower
17:26 Scout Tower
17:29 Scout Tower
17:31 Scout Tower
17:31 Scout Tower
17:31 Scout Tower
17:35 Scout Tower
17:37 Scout Tower
18:18 Scout Tower
18:20 Scout Tower
18:23 Scout Tower
18:24 Scout Tower
18:27 Castle
18:34 Guard Tower
18:38 Scout Tower
18:41 Scout Tower
18:41 Scout Tower
18:46 Scout Tower
18:46 Scout Tower
18:47 Scout Tower
18:48 Scout Tower
18:48 Scout Tower
18:56 Guard Tower
18:59 Scout Tower
19:00 Scout Tower
19:11 Scout Tower
19:13 Guard Tower
19:14 Guard Tower
19:17 Scout Tower
19:18 Scout Tower
19:20 Guard Tower
19:48 Guard Tower
21:51 Lumber Mill
22:32 Farm
22:35 Farm
22:38 Farm
22:40 Farm
24:12 Gryphon Aviary
25:04 Gryphon Aviary
25:32 Gryphon Aviary
26:00 Blacksmith
26:05 Blacksmith
26:14 Farm
26:23 Farm
26:26 Farm
27:40 Arcane Vault
27:41 Barracks
28:08 Farm
28:09 Farm
28:09 Farm
29:16 Town Hall
29:36 Scout Tower
29:38 Scout Tower
29:40 Scout Tower
29:42 Scout Tower
29:46 Scout Tower
29:50 Scout Tower
30:11 Guard Tower
30:29 Farm
30:43 Guard Tower
36:32 Arcane Sanctum
39:15 Town Hall
39:19 Scout Tower
39:19 Scout Tower
39:19 Scout Tower
39:21 Scout Tower
39:21 Scout Tower
39:22 Scout Tower
39:23 Scout Tower
40:01 Guard Tower
41:44 Guard Tower
» items
| Scroll of Regeneration | 3 | |
| Potion of Healing | 1 | |
| Healing Salve | 1 | |
| Scroll of Town Portal | 2 | |
7 total
thatdudeagain (
orange | 16 APM | 903 actions | 57:18)
4 Archmage
2 Summon Water Elemental
2 Brilliance Aura
2 Paladin
1 Holy Light
1 Divine Shield
» actions
| Assign group hotkey | 17 | |
| Basic commands | 9 | |
| Build / train | 61 | |
| Enter build submenu | 28 | |
| Enter hero's abilities submenu | 7 | |
| Give item / drop item | 1 | |
| Remove unit from queue | 1 | |
| Right click | 302 | |
| Select / deselect | 204 | |
| Select group hotkey | 200 | |
| Use ability | 73 | |
903 total
» units
| Peasant | 18 | |
| Rifleman | 10 | |
| Priest | 4 | |
| Spell Breaker | 4 | |
| Mortar Team | 3 | |
| Goblin Shredder | 1 | |
| Blue Drake | 1 | |
| Blue Dragon Whelp | 1 | |
42 total
» upgrades
| Lumber Harvesting | 1 | |
| Priest Training | 1 | |
| Magic Sentry | 1 | |
| Gunpowder | 1 | |
| Plating | 1 | |
5 total
» buildings
| Altar of Kings | 1 | |
| Farm | 8 | |
| Blacksmith | 1 | |
| Barracks | 1 | |
| Scout Tower | 6 | |
| Arcane Vault | 1 | |
| Lumber Mill | 1 | |
| Arcane Tower | 1 | |
| Keep | 1 | |
| Town Hall | 4 | |
| Arcane Sanctum | 2 | |
| Workshop | 2 | |
| Castle | 1 | |
| Guard Tower | 1 | |
31 total
» build order
00:13 Altar of Kings
00:17 Farm
01:16 Blacksmith
01:30 Barracks
01:37 Farm
02:25 Farm
02:42 Scout Tower
02:48 Arcane Vault
02:59 Lumber Mill
03:28 Arcane Tower
04:30 Farm
05:29 Keep
05:47 Farm
05:57 Town Hall
07:40 Farm
08:59 Arcane Sanctum
09:27 Workshop
12:30 Castle
12:38 Farm
13:10 Farm
13:57 Workshop
14:11 Scout Tower
14:11 Scout Tower
14:12 Scout Tower
14:40 Arcane Sanctum
15:29 Town Hall
15:38 Guard Tower
15:45 Scout Tower
15:47 Scout Tower
15:55 Town Hall
16:08 Town Hall
» items
Chat log
(00:06 / Allies) thatdudeagain: lol
(00:09 / Allies) thatdudeagain: alright lets win this
(00:13 / All) Biggest-Noob: 5 lvl 1s
(00:13 / All) HOLLAND_GIRL: dem level 1s
(00:14 / All) Biggest-Noob: lol
(00:17 / Allies) ToweredCoward: you good
(00:22 / Allies) thatdudeagain: im decent
(00:26 / Allies) thatdudeagain: ill mass shit
(00:27 / Allies) CUBFOODS: HI
(00:33 / Allies) thatdudeagain: hey yellow
(00:36 / All) Biggest-Noob: whats rush mean?
(00:37 / Allies) thatdudeagain: im going to amsterdam
(00:38 / Allies) HOLLAND_GIRL: yes oj?
(00:39 / All) Biggest-Noob: oh shit
(00:42 / All) HOLLAND_GIRL: ah i see
(00:44 / Allies) ToweredCoward: you have the shittiest build everf
(00:47 / All) HOLLAND_GIRL: i made wrong name
(00:55 / Allies) thatdudeagain: who are you talkin to
(00:59 / Allies) HOLLAND_GIRL: not sure
(01:01 / Allies) HOLLAND_GIRL: myself
(01:04 / Allies) thatdudeagain: my build is amasing
(01:05 / All) CUBFOODS: YELLOW.. ARE YOU HOT??
(01:12 / All) HOLLAND_GIRL: yes protect me i am precious
(01:14 / All) jsnoop123: tranny
(01:16 / All) Biggest-Noob: yes, ive seen her linkedin
(01:32 / All) HOLLAND_GIRL: for w/e reason i keep getting called tranny with this name must be a new fad
(01:33 / All) CUBFOODS: IVE SEEN YELLOW IN MY DREAMS :)
(01:42 / All) CUBFOODS: NO, YELLOW
(01:45 / All) jsnoop123: ok tranny watever u say...
(01:49 / All) CUBFOODS: GIRLS DON'T PLAY VIDEO GAMES
(02:10 / All) jsnoop123: u must be one ugly one playing this game on a sat night
(02:18 / All) Biggest-Noob: im telling you
(02:20 / All) ToweredCoward: She's hot I've seen a pic
(02:22 / All) Biggest-Noob: her linked in
(02:25 / All) jsnoop123: lol
(02:35 / All) Biggest-Noob: and shes a pharmacy student
(02:41 / All) CUBFOODS: SHES MY SISTER.. YOU FUCK FACES
(02:43 / All) jsnoop123: uy ever been to thai land
(02:46 / All) HOLLAND_GIRL: i got a phd in teaching fellatio
(02:53 / All) ToweredCoward: Pink is curious if you're a ladyboy
(02:58 / All) jsnoop123: ahhaha
(03:08 / All) CUBFOODS: PINK LOVES IT IN THE BUTT THOUGH
(03:15 / All) Biggest-Noob: who doesn't
(03:18 / All) Biggest-Noob: errr i mean ewww
(03:20 / All) jsnoop123: for real
(03:34 / All) HOLLAND_GIRL: i sense a lot of arrogance in this particular game
(03:40 / All) jsnoop123: baby
(03:42 / All) Biggest-Noob: fo real cuz
(03:44 / All) jsnoop123: chill
(04:23 / All) Biggest-Noob: when i poop it makes me feel good
(04:29 / Allies) ToweredCoward: gold
(04:42 / All) HOLLAND_GIRL: fucking 2 ring of regn
(04:44 / All) Biggest-Noob: awe you mother fucker
(04:51 / All) jsnoop123: can ii have it tranny
(04:58 / All) CUBFOODS: HEY MAN, MY BALLS ITCH
(05:26 / All) Biggest-Noob: SHE AINT NOTHIN BUT A HOOCHIE MAMMA
(06:04 / All) Biggest-Noob: yo yellow want a dick pic?
(06:10 / All) CUBFOODS: NO BLUE
(06:13 / All) CUBFOODS: BUT I DO
(06:16 / All) Biggest-Noob: oh red wants oen
(06:20 / All) HOLLAND_GIRL: reds claimed me
(06:24 / All) HOLLAND_GIRL: off of waiver wires
(06:49 / All) CUBFOODS: HEY MAN!
(06:59 / All) CUBFOODS: BLUE NO TOWERS PLZ
(07:06 / All) CUBFOODS: IM SCUREDD!
(08:31 / All) Biggest-Noob: nice hax
(08:43 / All) CUBFOODS: nuh uh
(08:45 / All) CUBFOODS: no way
(08:51 / All) Biggest-Noob: dude its cool
(08:54 / All) Biggest-Noob: i have mh too
(09:07 / All) CUBFOODS: CUBFOODS NEVER HACK
(09:46 / All) HOLLAND_GIRL: i am a homosexual
(09:51 / All) CUBFOODS: ME TOO!
(09:53 / All) Biggest-Noob: lesbian?
(09:56 / Allies) thatdudeagain: can i get some wood please
(10:41 / Allies) CUBFOODS: GREEN
(10:46 / All) Biggest-Noob: cant a nigga pass some wood?
(10:48 / Allies) CUBFOODS: ARE YOU JUST GONNA TOWER THE WHOLE GAME?
(10:56 / Allies) HOLLAND_GIRL: he towering too bro
(11:23 / Allies) CUBFOODS: ONCE I GET MY FROST OUT GREENS TOWERS WILL BE NO MORE
(11:30 / All) Biggest-Noob: bold prediction
(11:34 / All) Biggest-Noob: no one wins this gmae
(11:50 / Allies) HOLLAND_GIRL: go to green
(11:51 / Allies) HOLLAND_GIRL: oj
(12:55 / Allies) CUBFOODS: TIME TO KILL GREEN
(13:15 / Allies) HOLLAND_GIRL: relax
(13:16 / Allies) HOLLAND_GIRL: we're fine
(13:17 / Allies) CUBFOODS: NAH
(13:22 / Allies) CUBFOODS: NOT GONNA LET HIS GAY ASS TOWER
(13:33 / Allies) CUBFOODS: HES HOGGING ALL THE GOLD MIENS FOR TOWERS
(13:46 / All) Biggest-Noob: so red
(13:48 / All) Biggest-Noob: mass ghouls?
(13:52 / All) CUBFOODS: YES
(13:59 / All) Biggest-Noob: i like it
(14:52 / Allies) CUBFOODS: 5K FOR GREEN
(15:02 / Allies) thatdudeagain: red....
(15:05 / Allies) thatdudeagain: stop that
(15:08 / Allies) CUBFOODS: NAH
(15:17 / All) Biggest-Noob: lol what
(15:54 / Allies) CUBFOODS: YELOW WHY DO YOU LET HIM TOWERS?
(16:05 / All) ToweredCoward: lawl the one game I don't get units
(16:12 / All) Biggest-Noob: SHE AINT NOTHIN BUT A HOOCHY MAMMA
(16:16 / All) ToweredCoward: I run into a faggot like red
(16:30 / All) thatdudeagain: so red is tking
(16:34 / All) thatdudeagain: this is stupid
(16:36 / All) Biggest-Noob: GOT HIM
(16:40 / Allies) ToweredCoward: didn't even give me a chance to get units
(16:46 / All) CUBFOODS: THIS IS A 4V4.. NOT 3VS4 + TOWERS
(16:50 / Allies) ToweredCoward: help us kill red or it's gg
(17:20 / All) CUBFOODS: LOL WOW ORANGE AND YTELLOW ARE FUCKING STUPID
(17:25 / All) Biggest-Noob: lmao
(17:26 / All) CUBFOODS: ALL GREEN DOES IS MAKE TOWERS
(17:30 / All) Biggest-Noob: you're the stupid one
(17:31 / All) CUBFOODS: HOWS THAT GONNA WIN US THE GAME?
(17:31 / All) Biggest-Noob: so did i
(17:38 / All) CUBFOODS: THINK REALLY HARD, YELLOW AND ORANGE
(17:50 / All) ToweredCoward: Bs red every game
(17:58 / Allies) ToweredCoward: You're such a faggot
(18:09 / All) ToweredCoward: BOOHOO HE DON'T PLAY LIKE I WANT HIM TO PLAY
(18:25 / All) CUBFOODS: LOL NOT REALLY
(18:28 / All) CUBFOODS: THIS IS A 4V4
(18:31 / All) CUBFOODS: IT NEEDS 4 ARMORS
(18:37 / All) CUBFOODS: NOT AN ARMOR OF TOWERS
(18:42 / All) Biggest-Noob: bold prediction
(18:44 / All) CUBFOODS: BUT I GUESS YELLOW IS A DUMB BLONDE
(18:45 / All) Biggest-Noob: no one wins
(18:53 / Allies) ToweredCoward: You're a retarded noob
(19:31 / All) CUBFOODS: LOL
(19:35 / All) ToweredCoward: IOO was wanting to alt tab with my towers
(19:49 / All) CUBFOODS: THERE YOU GO, YELLOW
(19:51 / All) CUBFOODS: YOU GOT YOUR ANSWER
(20:02 / All) CUBFOODS: I HOPE NEXT TIME YOU SHOULDN'T BE SUCH A DUMB BLONDE
(20:51 / All) ToweredCoward: Fucking idiot
(21:03 / All) ToweredCoward: This will get oyu al ot of losses
(21:10 / Allies) HOLLAND_GIRL: relax
(21:18 / All) CUBFOODS: SAYS THE FAGGOT WHO TOWERED?
(21:22 / Allies) ToweredCoward: I can't even build at my expo
(21:30 / Allies) ToweredCoward: You're going to get a lot of losses I promise oyu
(21:41 / All) CUBFOODS: I HOPE YELLOW AND ORANGE REALIZE THAT THIS IS TOWER DEFENCE
(21:42 / Allies) ToweredCoward: Too bad you're on a new name pos
(21:44 / All) CUBFOODS: THIS IS FUCKING 4V4
(22:21 / Allies) ToweredCoward: Moron
(23:02 / All) CUBFOODS: SO YELLOW.. HOWS GREEN TOWER GONNA WIN YOU THE GAME? SINCE YOU'RE TOO STUPID TO REALIZE IT
(23:12 / All) CUBFOODS: THIS IS A 4V4, NOT A 3+TOWER VS 4
(23:38 / All) CUBFOODS: ALMOST 10K GOLD FOR GREEN :)
(23:45 / All) CUBFOODS: YELLOW IS LOVING HIS MONEY!
(23:46 / All) Biggest-Noob: same
(23:55 / Allies) ToweredCoward: I could have alt tabbed for 10 15 minutes like I wanted
(24:02 / Allies) ToweredCoward: and it woudln't have matterd but you're a dumb retard
(24:20 / Allies) CUBFOODS: YES YOU ALT TAB FOR 10-15 MINUTES TO STACK ON GOLD
(24:32 / Allies) ToweredCoward: So what?
(24:34 / Allies) CUBFOODS: BUT YELLOW IS TOO STUPID AND HE OR SHE RATHER KILL MY FROST
(24:36 / Allies) CUBFOODS: LOLZ
(24:37 / Allies) ToweredCoward: If you don't like it leave
(24:55 / Allies) ToweredCoward: You attacked me unprovoked how is he stupid?
(24:56 / Allies) ToweredCoward: YOu're 0-1
(25:10 / All) ToweredCoward: You're obviously a dumb prick
(25:13 / Allies) HOLLAND_GIRL: g
(25:15 / All) HOLLAND_GIRL: Gold me red
(25:21 / All) CUBFOODS: LOL GREEN STOP BEING FUCKING STUPID..
(25:22 / All) HOLLAND_GIRL: ARROGANT bastard
(25:31 / All) CUBFOODS: FUCK YOU, BLONDE DUMBASS BITCH
(25:49 / All) ToweredCoward: Red's probably trying to show off for a G.I.R.L.
(25:53 / All) CUBFOODS: KEEP LETTING HIM TOWER.. ONCE THEY GET THEIR FUCKING TANKS UP YOU'LL REGRET IT
(26:13 / All) CUBFOODS: SHOWING OFF? LOL HOW IS KILLING YOUR TOWERS SHOWING OFF?
(26:26 / All) CUBFOODS: LOL THIS IS GOING ON YOUTUBE, FOR SURE...
(26:39 / All) CUBFOODS: CHECK OUT MY CHANNEL WC3NOOBSLAGSTKERS
(26:50 / Allies) ToweredCoward: lumber
(27:04 / Allies) ToweredCoward: You're an amateur, just leave idiot
(27:09 / All) CUBFOODS: LOL GOING GRYPHS AND HAWKS ISN'T GONNA HELP
(28:26 / All) ToweredCoward: I was trying to set up a nice cove so I could alt tab and rub one out
(28:48 / All) CUBFOODS: I GUESS THATS WHY YELLOW WAS TOO RETARDED
(28:59 / All) ToweredCoward: You are a tker you just pasted your username idiot
(29:02 / All) ToweredCoward: Just shut the fuck up
(29:06 / All) ToweredCoward: Yellow is my buddy
(29:19 / All) HOLLAND_GIRL: woo hoo
(30:04 / Allies) ToweredCoward: lumber
(30:34 / Allies) CUBFOODS: YELLOW YOU'RE GONNA BE SOO FUCKED UP WHEN GREEN KILLS YOUR AIR
(31:31 / All) HOLLAND_GIRL: im so bad with mirror image my mind is too slow
(31:45 / All) CUBFOODS: OF COURSE.. YOU'RE A BLONDE.. dONT EXPECT MUCH FROM YOU
(31:59 / All) ToweredCoward: He's a man you dumbass
(32:06 / All) HOLLAND_GIRL: grown man
(32:20 / All) Biggest-Noob: red hwos your bas?
(32:20 / All) HOLLAND_GIRL: i got dem dust bunnies in my belly button
(32:23 / All) CUBFOODS: I NEVER SAID "GIRL" DID I?
(32:29 / All) ToweredCoward: You're TK failed because this game was rigged before it even began
(32:39 / All) ToweredCoward: You look like a fool
(32:43 / All) CUBFOODS: YES IT WAS RIGGED!
(32:49 / All) ToweredCoward: in our favor
(32:57 / All) CUBFOODS: I DONT REALLY CARE ANYWAY.. i CAN AFK ALL DAY LONG.. ALT TAB :)
(33:19 / All) CUBFOODS: BRB WHEN THIS IS DONE
(33:24 / All) Biggest-Noob: lol'
(33:27 / All) Biggest-Noob: im sure you will
(33:32 / All) HOLLAND_GIRL: droptactics is the guy that said i mh'd when i had a shade fllow him
(33:39 / All) Biggest-Noob: lmao
(34:27 / All) Biggest-Noob: 2 hh figting to death in my base
(35:09 / All) Biggest-Noob: kill it
(35:34 / All) HOLLAND_GIRL: oh
(35:39 / All) Biggest-Noob: get teal war mill
(35:41 / All) Biggest-Noob: in back
(36:05 / Allies) HOLLAND_GIRL: tp to me try to shackle bats
(38:05 / All) Biggest-Noob: bye purp
(39:15 / All) HOLLAND_GIRL: no quit in purple
(39:28 / All) Biggest-Noob: lol no doubt
(39:36 / All) ToweredCoward: I had a delay so when you did voodoo I had already did mass tp
(39:58 / All) HOLLAND_GIRL: consider it payback for me voo dooing ur gargs vs dragons battle last night
(40:06 / All) ToweredCoward: It's hardly comparable
(40:18 / All) ToweredCoward: That was a dastardly deed you did
(40:21 / All) Biggest-Noob: shall i kill my towers?
(40:27 / All) HOLLAND_GIRL: hmmm
(40:31 / All) ToweredCoward: Should we just let orange win so red fails?
(40:31 / All) HOLLAND_GIRL: we could do a standoff
(40:44 / All) Biggest-Noob: oj still here?
(40:49 / All) Biggest-Noob: mexican standoff?
(40:53 / All) HOLLAND_GIRL: standoff
(40:58 / All) HOLLAND_GIRL: yes
(41:11 / All) Biggest-Noob: well in that case
(41:22 / All) Biggest-Noob: all thats left
(41:24 / All) Biggest-Noob: top right
(41:28 / All) Biggest-Noob: purp expo
(41:38 / All) HOLLAND_GIRL: just make sure all farms are dead only thing tha tmatters and units of course
(41:45 / All) Biggest-Noob: kill bm
(41:50 / All) HOLLAND_GIRL: oh
(41:55 / All) HOLLAND_GIRL: stop killing shit then lol
(42:24 / All) Biggest-Noob: purps hero
(42:27 / All) Biggest-Noob: is left side
(42:37 / All) ToweredCoward: red's putting this on his youtube channel
(42:39 / All) Biggest-Noob: im on it
(42:48 / All) Biggest-Noob: getting new heros
(42:55 / All) ToweredCoward: He's an amateur, his viewers should watch a true professional
(42:57 / All) ToweredCoward: someone like:
(43:02 / All) ToweredCoward: www.youtube.com/lordfarsanky
(43:38 / All) Biggest-Noob: almost mate
(45:01 / All) Biggest-Noob: use the golem thing
(45:30 / All) Biggest-Noob: lmao close
(45:31 / All) Biggest-Noob: my am almost dead
(45:40 / All) Biggest-Noob: his main is in ojs old base
(45:42 / All) ToweredCoward: where is his bm
(45:52 / All) Biggest-Noob: it tped to it
(45:56 / All) Biggest-Noob: coming top shop on your side
(46:31 / All) HOLLAND_GIRL: mk!
(46:53 / All) Biggest-Noob: go top right
(46:55 / All) Biggest-Noob: kill his shit
(47:46 / All) Biggest-Noob: lolz
(47:50 / All) HOLLAND_GIRL: staff!
(48:04 / All) ToweredCoward: user your towers
(48:09 / All) Biggest-Noob: cant now
(48:21 / All) Biggest-Noob: awe fuck
(48:40 / All) Biggest-Noob: you got enough gold?
(48:51 / All) Biggest-Noob: will
(49:06 / All) HOLLAND_GIRL: nice
(49:10 / All) HOLLAND_GIRL: asshole
(49:12 / All) HOLLAND_GIRL: bastard
(49:13 / All) Biggest-Noob: lol that fucker took awhile
(49:27 / All) HOLLAND_GIRL: i saw a wisp there
(49:35 / All) Biggest-Noob: go kill my farms
(50:05 / All) Biggest-Noob: he has burrow
(50:06 / All) Biggest-Noob: top right
(50:09 / All) Biggest-Noob: middle
(50:11 / All) Biggest-Noob: hurry go
(50:16 / All) Biggest-Noob: hes trying to ge hero back
(50:35 / All) HOLLAND_GIRL: he have 1 food?
(50:45 / All) Biggest-Noob: i didn't look fuck
(50:55 / All) Biggest-Noob: i think he has 1 more peon...
(52:20 / All) HOLLAND_GIRL: i may watch the texans vikings game after this
(52:45 / All) Biggest-Noob: nope
(52:45 / All) ToweredCoward: I need to empty my nutsack
(52:47 / All) ToweredCoward: So that's good
(52:54 / All) ToweredCoward: Red put a damper on it earlier
(52:56 / All) Biggest-Noob: is oj or red talking?
(53:00 / All) ToweredCoward: Nah
(53:04 / All) ToweredCoward: REd claimed he went afk
(53:09 / All) ToweredCoward: but he's here of course
(53:11 / All) HOLLAND_GIRL: they are faking being afk
(53:46 / All) Biggest-Noob: k i think we are done. i have 2 peasants anda main left
(53:55 / All) HOLLAND_GIRL: main gotta die
(54:03 / All) Biggest-Noob: go behind my towers and ill
(54:06 / All) Biggest-Noob: i have no way of doing it
(54:30 / All) HOLLAND_GIRL: check carefully one last time for any workers or units left on ur team
(54:37 / All) Biggest-Noob: kk
(54:46 / All) HOLLAND_GIRL: does it say 0/0 for pink and teal who left
(54:51 / All) Biggest-Noob: yes
(55:00 / All) Biggest-Noob: i shold have checked that burrow before you killed
(55:05 / All) Biggest-Noob: earlier he had 11
(55:09 / All) Biggest-Noob: we killed a shredder
(55:10 / All) Biggest-Noob: a peon
(55:12 / All) Biggest-Noob: and his hero after
(55:15 / All) Biggest-Noob: then that burrow
(55:21 / All) Biggest-Noob: and that peon
(55:26 / All) Biggest-Noob: so 7 + 4 yes 11
(55:26 / All) HOLLAND_GIRL: ah well we'll find out one way or hte other
(55:28 / All) Biggest-Noob: we are good
(55:38 / All) Biggest-Noob: i know hes dead
(56:43 / All) Biggest-Noob: i have to poop
(56:44 / All) Biggest-Noob: lol
(56:50 / All) HOLLAND_GIRL: me 2
(56:52 / All) ToweredCoward: An interesting game, the only winning move is not to play at all
(56:53 / All) HOLLAND_GIRL: ate a lot of fiber
(57:01 / All) Biggest-Noob: hahaha me too
(57:03 / All) HOLLAND_GIRL: good luck red oj and purp
(57:06 / All) HOLLAND_GIRL: may the best internet win
(57:07 / All) Biggest-Noob: well goodluck
(57:17 / All) Biggest-Noob: bye